 Dungeon Crawl Stone Soup version 0.30-a0-365-ge7f957f1db (webtiles) character file.

Game seed: 16644589351863638255

114 mopl the Caller (level 4, -1/24 HPs)
             Began as a Tengu Summoner on Nov 16, 2022.
             Slain by a gnoll
             ... wielding a +0 halberd
              (13 damage)
             ... on level 3 of the Dungeon.
             The game lasted 00:03:20 (1385 turns).

mopl the Caller (Tengu Summoner)                    Turns: 1385, Time: 00:03:21

Health: -1/24      AC:  3    Str:  8    XL:     4   Next: 98%
Magic:  3/10       EV: 12    Int: 18    God:
Gold:   85         SH:  0    Dex: 14    Spells: 0/9 levels left

rFire   . . .      SeeInvis .    q - +0 flail
rCold   . . .      Faith    .    (no shield)
rNeg    . . .      Spirit   .    a - +0 robe
rPois   .          Reflect  .    (helmet restricted)
rElec   .          Harm     .    (no cloak)
rCorr   .          Rampage  .    m - +0 pair of gloves
Will    .....                    (boots unavailable)
Stlth   ++........               (no amulet)
HPRegen 0.24/turn                (no ring)
MPRegen 0.12/turn                (no ring)

@: no status effects
A: beak, talons 3
a: no special abilities


You were on level 3 of the Dungeon.
You visited 1 branch of the dungeon, and saw 3 of its levels.

You collected 85 gold pieces.

Inventory:

Hand Weapons
 q - a +0 flail (weapon)
Missiles
 u - 10 poisoned darts
Armour
 a - a +0 robe (worn)
 m - a +0 pair of gloves (worn)
Magical Staves
 v - a staff of death
Scrolls
 c - a scroll of enchant armour {unknown}
 d - 2 scrolls of teleportation {unknown}
 e - 3 scrolls of fog {unknown}
 h - a scroll of fear {unknown}
 i - a scroll of vulnerability {unknown}
 j - 2 scrolls of blinking {unknown}
 l - a scroll of brand weapon {unknown}
 n - a scroll of enchant weapon {unknown}
 o - a scroll of identify {unknown}
 s - 2 scrolls of magic mapping {unknown}
 t - a scroll of amnesia {unknown}
Potions
 b - a potion of magic
 f - 2 potions of curing {unknown}
 g - a potion of flight {unknown}
 k - a potion of degeneration {unknown}
 p - a potion of mutation {unknown}
 r - a potion of resistance {unknown}


   Skills:
 - Level 2.1 Dodging
 - Level 2.0 Stealth
 + Level 3.3 Spellcasting
 + Level 0.8 Hexes
 + Level 6.1 Summonings


You couldn't memorise any spells.
You knew the following spells:

 Your Spells              Type           Power      Damage    Failure   Level
a - Summon Small Mammal   Summ           100%       N/A       1%          1
b - Call Imp              Summ           25%        N/A       1%          2
c - Call Canine Familiar  Summ           25%        N/A       3%          3
g - Summon Guardian Gole  Hex/Summ       15%        N/A       12%         3

Your spell library contained the following spells:

 Spells                   Type           Power      Damage    Failure   Level
 Apportation              Tloc           6%         N/A       16%         1
 Foxfire                  Conj/Fire      12%        2x1d4     16%         1
 Necrotise                Necr           12%        1d4       16%         1
 Summon Lightning Spire   Summ/Air       14%        N/A       41%         4
 Fireball                 Conj/Fire      1%         3d3       99%         5
 Starburst                Conj/Fire      1%         6d3       100%        6


Dungeon Overview and Level Annotations

Branches:
Dungeon (3/15)

Altars:


Innate Abilities, Weirdness & Mutations

You have a beak for a mouth.
You have claws for feet.


Message History

The gnoll hits your shadow imp with a +0 whip.
Your shadow imp barely misses the gnoll.
The gnoll misses your shadow imp.
Your shadow imp completely misses the gnoll.
The gnoll barely misses your shadow imp.
Your shadow imp hits the gnoll but does no damage.
The gnoll hits your shadow imp with a +0 whip.
Your shadow imp hits the gnoll but does no damage.
The gnoll misses your shadow imp.
Your shadow imp hits the gnoll.
The gnoll dies!
Your shadow imp hits the gnoll.
The gnoll barely misses your shadow imp.
Your shadow imp hits the gnoll.
The gnoll hits your shadow imp with a +0 halberd.
Your shadow imp dies!
Your shadow imp disappears in a puff of smoke!
Casting: Call Imp (safe; 1% risk of failure)
Confirm with . or Enter, or press ? or * to list all spells.
A metallic apparition takes form in the air.
Your iron imp says, "I'm here!"
You swap places.
Your iron imp barely misses the gnoll.
The gnoll closely misses your iron imp.
Your iron imp closely misses the gnoll.
The gnoll barely misses your iron imp.
The gnoll hits your iron imp with a +0 halberd.
Your iron imp closely misses the gnoll.
The gnoll hits your iron imp with a +0 halberd!
Your iron imp hits the gnoll.
The gnoll barely misses your iron imp.
Your iron imp hits the gnoll.
The gnoll hits your iron imp with a +0 halberd.
Your iron imp dies!
Your iron imp disappears in a puff of smoke!
The gnoll shouts!
The gnoll hits you from afar with a +0 halberd!
The gnoll barely misses you.
You hit the gnoll but do no damage.
The gnoll is severely wounded.
The gnoll hits you with a +0 halberd!
Ouch! That really hurt!
You die...

#.......# #.#.##...# #.......#
#.#.##...# ....... #.......#
#.#.##...# ?......####
#.......###.#.###### #..........
#...........#.# #..........
#.......#####.# #..........
#...........#.# #..........
#...........#.########..........
#...........#..@g..).#..........
####....<...########.#..........
#........# #.#.:........
#........# #.#..........
#.###############g#..5....... #.
.........#.gg.#####. .
........##....# #.
........'.....# #.
.)......###...# ##


You could see a gnoll.

Vanquished Creatures
  An adder (D:2)
  4 ball pythons
  5 endoplasms
  6 goblins
  2 hobgoblins (D:1)
  4 jackals
  2 kobolds
  A quokka (D:2)
  2 bats
  3 frilled lizards
  6 rats
36 creatures vanquished.

Vanquished Creatures (collateral kills)
  Terence (D:2)
  An adder (D:2)
  2 gnolls (D:3)
  A worm (D:2)
  A ball python (D:2)
  2 endoplasms (D:2)
  A giant cockroach (D:2)
  A goblin (D:2)
  A hobgoblin (D:2)
  A jackal (D:2)
  A frilled lizard (D:2)
  A kobold (D:2)
14 creatures vanquished.

Grand Total: 50 creatures vanquished

Notes
Turn   | Place    | Note
-------+----------+-------------------------------------------
     0 | D:1      | mopl the Tengu Summoner began the quest for the Orb.
     0 | D:1      | Reached XP level 1. HP: 10/10 MP: 4/4
    92 | D:1      | Reached skill level 5 in Summonings
   171 | D:1      | Reached XP level 2. HP: 15/15 MP: 6/6
   175 | D:1      | Learned a level 2 spell: Call Imp
   500 | D:2      | Reached XP level 3. HP: 5/19 MP: 6/8
   616 | D:2      | Noticed Terence
   670 | D:1      | Learned a level 3 spell: Call Canine Familiar
   756 | D:2      | Reached skill level 3 in Spellcasting
   876 | D:2      | Reached XP level 4. HP: 18/24 MP: 6/9
   899 | D:2      | Learned a level 3 spell: Summon Guardian Golem
  1038 | D:2      | Killed Terence
  1270 | D:3      | Reached skill level 6 in Summonings
  1385 | D:3      | Slain by a gnoll

Illustrated notes

Levels and vault maps discovered:
D:1:      eino_arrival_water_cross, layout_rooms, skrybe_limestone_x
D:2:      layout_basic, minmay_nonomino_d4, uniq_terence
D:3:      layout_basic, mainiacjoe_overflow_24_doors

Skill      XL: |  1  2  3  4 |
---------------+-------------+-----
Summonings     | 5 6 |  6.1
Spellcasting   | 3 |  3.3
Dodging        | |  2.1
Stealth        | |  2.0
Hexes          | |  0.8

Action                   |  1- 3 |  4- 6 || total
-------------------------+-------+-------++-------
Melee: Unarmed           |   102 |    19 ||   121
       Kick              |    27 |     5 ||    32
       Peck              |    19 |     5 ||    24
       Punch             |     2 |       ||     2
       Flail             |       |     9 ||     9
 Cast: Call Imp          |     8 |     8 ||    16
       Summon Small Mamm |     2 |       ||     2
       Call Canine Famil |     1 |     2 ||     3
 Stab: Sleeping          |     5 |     2 ||     7
Armor: Robe              |    16 |     7 ||    23
Dodge: Dodged            |    70 |    24 ||    94

Table legend: (Time is in decaauts)
 A = Elapsed time spent in this place.
 B = Non-inter-level travel time spent in this place.
 C = Inter-level travel time spent in this place.
 D = Time resting spent in this place.
 E = Time spent auto-exploring this place.
 F = Levels seen in this place.
 G = Mean time per level.
                   A        B        C        D        E       F      G
               +--------+--------+--------+--------+--------+-----+--------+
         Total |   1387 |   1328 |     59 |    128 |    703 |   3 |  462.3 |
       Dungeon |   1387 |   1328 |     59 |    128 |    703 |   3 |  462.3 |
               +--------+--------+--------+--------+--------+-----+--------+

Top non-repeatable levels by time:
     D:2: 722 daAuts
     D:1: 510 daAuts
     D:3: 154 daAuts
